AoeStats
← kmper

Arena

511011225Analyzed
3v3 RM · 11h ago on Oct 3, 2026· 48m 14s· 6 players
Game mode
Random Map
Map size
Normal (6 player)
Population
200
Speed
Normal
Resources
Standard
Victory
Conquest
Starting age
Dark Age
Ending age
Imperial Age
RankedLock teamsTeams togetherTeam positionsShared explorationLock speedFull tech treeHidden civsTurbo modeCheats
Victory
Defeat
🇨🇳 Magyars · China
976
+40
🇧🇷 Franks · Brazil
932
+15
🇨🇳 Britons · China
828
+19
🇨🇳 Persians · China
923
-16
🇨🇳 Franks · China
923
-16
🇭🇰 Persians · Hong Kong SAR China
905
-16
Ming
0:26 Loom
10:27 Feudal Age
19:02 Castle Age
17:22 Double-Bit Axe
17:34 Stone Mining
17:54 Gold Mining
17:54 Horse Collar
23:14 Bow Saw
23:07 Heavy Plow
23:47 Gold Shaft Mining
29:20 Imperial Age
29:21 Wheelbarrow
31:09 Stone Shaft Mining
30:36 Pikeman
31:17 Squires
31:02 Arson
33:25 Bloodlines
33:16 Husbandry
34:12 Forging
35:22 Crop Rotation
35:19 Conscription
35:50 Scale Barding Armor
36:20 Iron Casting
35:36 Fletching
37:35 Chemistry
36:05 Heavy Camel Rider
36:32 Elite Skirmisher
37:11 Elite War Elephant
39:12 Bodkin Arrow
41:39 Blast Furnace
44:26 Chain Barding Armor
45:14 Two-Man Saw
46:13 Hand Cart
46:47 Plate Barding Armor
彬彬有礼
0:30 Loom
12:58 Feudal Age
17:04 Castle Age
14:54 Double-Bit Axe
17:29 Wheelbarrow
23:18 Hand Cart
29:41 Pikeman
30:21 Squires
30:07 Gambesons
30:08 Arson
33:52 Imperial Age
31:57 Husbandry
35:01 Elite Throwing Axeman
36:47 Chemistry
36:08 Ballistics
36:57 Halberdier
39:56 Treadmill Crane
40:27 Masonry
39:40 Heavy Scorpion
40:02 Cavalier
旺旺
10:00 Feudal Age
10:21 Double-Bit Axe
18:35 Castle Age
16:36 Stone Mining
16:32 Horse Collar
17:15 Gold Mining
19:21 Bow Saw
19:15 Heavy Plow
27:38 Imperial Age
26:12 Wheelbarrow
28:09 Arson
28:25 Squires
27:45 Pikeman
31:12 Hand Cart
32:09 Two-Man Saw
31:42 Crop Rotation
32:02 Gold Shaft Mining
34:55 Scale Barding Armor
35:01 Forging
34:53 Scale Mail Armor
37:30 Husbandry
37:41 Bloodlines
37:03 Cavalier
39:21 Savar
39:41 Halberdier
40:49 Chain Barding Armor
41:04 Iron Casting
40:45 Chain Mail Armor
42:32 Plate Barding Armor
2Cool2Care
11:22 Feudal Age
17:40 Castle Age
15:32 Loom
16:22 Wheelbarrow
15:59 Stone Mining
16:34 Double-Bit Axe
19:00 Scale Mail Armor
19:10 Forging
20:16 Chain Mail Armor
20:23 Fletching
21:55 Gold Mining
22:24 Bodkin Arrow
28:29 Gold Shaft Mining
31:23 Iron Casting
33:52 Hand Cart
33:22 Town Watch
35:28 Bow Saw
39:21 Scale Barding Armor
39:17 Padded Archer Armor
44:40 Imperial Age
42:12 Town Patrol
45:03 Elite Throwing Axeman
46:03 Conscription
46:19 Hoardings
47:06 Plate Mail Armor
47:36 Blast Furnace
46:53 Leather Archer Armor
46:58 Chain Barding Armor
47:04 Ballistics
46:57 Masonry
47:50 Chemistry
smoke
10:41 Feudal Age
11:44 Double-Bit Axe
17:13 Castle Age
15:49 Horse Collar
16:25 Stone Mining
16:25 Gold Mining
19:36 Gold Shaft Mining
19:17 Bow Saw
22:03 Wheelbarrow
22:09 Heavy Plow
25:17 Padded Archer Armor
25:08 Fletching
25:45 Loom
26:36 Yeomen
29:06 Hand Cart
29:03 Town Watch
32:17 Imperial Age
31:29 Town Patrol
33:09 Warwolf
33:32 Elite Longbowman
34:43 Conscription
35:31 Ballistics
36:12 Chemistry
35:30 Leather Archer Armor
35:10 Bodkin Arrow
38:18 Treadmill Crane
38:34 Murder Holes
39:12 Ring Archer Armor
38:43 Bracer
40:32 Hoardings
41:37 Coinage
46:39 Banking
kmper
10:48 Feudal Age
16:14 Castle Age
14:13 Double-Bit Axe
15:29 Loom
17:22 Bow Saw
16:59 Horse Collar
21:07 Heavy Plow
27:01 Wheelbarrow
30:53 Imperial Age
28:27 Fletching
29:13 Husbandry
29:23 Bloodlines
29:23 Scale Barding Armor
29:59 Ballistics
29:35 Murder Holes
30:38 Bodkin Arrow
31:11 Gold Mining
31:22 Stone Mining
31:58 Conscription
31:26 Light Cavalry
32:36 Bracer
32:57 Chain Barding Armor
33:03 Hand Cart
33:10 Corvinian Army
34:23 Gold Shaft Mining
34:02 Thumb Ring
34:49 Parthian Tactics
35:11 Heavy Cavalry Archer
36:54 Chemistry
35:57 Recurve Bow
36:52 Plate Barding Armor
36:18 Padded Archer Armor
38:02 Elite Magyar Huszar
39:26 Leather Archer Armor
41:55 Ring Archer Armor
45:57 Cavalier
47:21 Siege Engineers
49:35 Two-Man Saw
49:08 Crop Rotation
Connection lost

Rejoining the realm…

Still unreachable

The connection could not be restored.

Session expired

The server has moved on; the page needs a fresh start.